 Dungeon Crawl Stone Soup version 0.14.1-26-g5a19342 (webtiles) character file.

81 Kae the Insei (level 3, -14/31 HPs)
             Began as a Naga Transmuter on July 31, 2014.
             Demolished by a goblin
             ... wielding a +0,+1 dagger of electrocution
              (22 damage)
             ... on Level 1 of the Dungeon.
             The game lasted 00:01:36 (1202 turns).

Kae the Insei (Naga Transmuter)                     Turns: 1202, Time: 00:01:36

HP -14/31        AC  2     Str 12      XL: 3   Next: 18%
MP   6/6         EV 10     Int 13      God:
Gold 51          SH  0     Dex 12      Spells:  1 memorised,  5 levels left

rFire  . . .     SeeInvis +       - Unarmed
rCold  . . .     Clarity  .     c - +0 robe
rNeg   . . .     Conserve .     (no shield)
rPois  +         rCorr    .     (no helmet)
rElec  .         rRot     .     (no cloak)
SustAb . .       Spirit   .     (no gloves)
rMut   .         Warding  .     (no barding)
Saprov . . .     Stasis   .     (no amulet)
MR     .....                    (no ring)
                                (no ring)

@: very slow, not resistant to hostile enchantments, unstealthy
A: spit poison, see invisible, deformed body, poison resistance, slowness 2, AC
+1
a: Spit Poison


You were on level 1 of the Dungeon.
You were not hungry.

You visited 1 branch of the dungeon, and saw 1 of its levels.

You collected 51 gold pieces.

Inventory:

Missiles
 b - 12 arrows
 n - 8 tomahawks (quivered)
Armour
 c - a +0 robe (worn)
Comestibles
 a - a bread ration
 h - a meat ration
 k - a choko
Scrolls
 j - a scroll of random uselessness {unknown}
 l - a scroll of remove curse {unknown}
 m - 2 scrolls of noise {unknown}
Potions
 e - a potion of lignification {unknown}
 f - a potion of might {unknown}
 g - a potion of beneficial mutation {unknown}
 i - 2 potions of restore abilities {unknown}
Books
 d - a book of Changes

   Spells                             Type                      Level
   *Beastly Appendage                 Transmutation                1
   Sticks to Snakes                   Transmutation                2
   Spider Form                        Transmutation/Poison         3
   Ice Form                           Ice/Transmutation            4
   Blade Hands                        Transmutation                5


   Skills:
 + Level 1.0 Fighting
 + Level 2.0 Dodging
 + Level 3.6 Unarmed Combat
 + Level 2.1 Spellcasting
 + Level 2.2 Transmutations


You had 5 spell levels left.
You knew the following spells:

 Your Spells              Type           Power        Failure   Level  Hunger
a - Beastly Appendage     Trmt           #.....       12%         1    ##.....


Dungeon Overview and Level Annotations

Branches:
Dungeon (1/15)

Altars:


Innate Abilities, Weirdness & Mutations

You cannot wear boots.
You can spit poison.
Your serpentine skin is tough (AC +1).
You have supernaturally acute eyesight.
Armour fits poorly on your strangely shaped body.
Your system is resistant to poisons.
You cover ground very slowly.


Message History

You spend a moment contemplating the meaning of life.
A goblin is nearby!
The goblin hits you with a runed dagger.
You are electrocuted!
Ouch! That really hurt!
You are too injured to fight recklessly!
You are too injured to fight recklessly!
You are too injured to fight recklessly!
You are too injured to fight recklessly!
You are too injured to fight recklessly!
You are too injured to fight recklessly!
You are too injured to fight recklessly!
You are too injured to fight recklessly!
You are too injured to fight recklessly!
You closely miss the goblin.
The goblin hits you with a dagger of electrocution.
* * * LOW HITPOINT WARNING * * *
You are electrocuted!
Ouch! That really hurt!
You die...

.####.##......############.######
...............[.................
.####.##......##########.........
.#..).##......# #.......##
.#%...####..)## #.......##
.#........#...#### ###..#####
.#....#...#.#.#..########...#####
.#....#...#...#.>................
.#....#...#.#.#.@########...#####
.#....#...#...#.g# ##### #
.#....#...#.#.#..# #
.#....#####...#### ###### #
.#....# #.>.# #....##### .#.##.#
#...# #.........
.#.########.#.###### #....####.
.#.# #.............# ##.### #.
.#.# #.............# #.# #.


You could see a goblin.

Vanquished Creatures
  2 giant cockroaches (D:1)
  4 hobgoblins (D:1)
  4 jackals (D:1)
  3 bats (D:1)
  A giant newt (D:1)
  7 goblins (D:1)
  2 kobolds (D:1)
  3 rats (D:1)
26 creatures vanquished.

Notes
Turn   | Place    | Note
--------------------------------------------------------------
     0 | D:1      | Kae, the Naga Transmuter, began the quest for the Orb.
     0 | D:1      | Reached XP level 1. HP: 18/18 MP: 3/3
   493 | D:1      | Reached XP level 2. HP: 9/25 MP: 2/4
  1006 | D:1      | Reached XP level 3. HP: 31/31 MP: 6/6
  1202 | D:1      | Demolished by a goblin

Action                   || total
-------------------------++-------
Melee: Unarmed           ||    96
 Cast: Beastly Appendage ||    12
 Abil: Spit Poison       ||     8
  Use: Scroll            ||     1
 Stab: Sleeping          ||     1
